 Dungeon Crawl Stone Soup version 0.29-a0-334-gb41bcbb86e (webtiles) character file.

Game seed: 4819136489159478740

10222 spaghetti the Grappler (level 11, 19/100 HPs)
             Began as a Deep Dwarf Transmuter on Apr 15, 2022.
             Was a Follower of Ru.
             Quit the game on level 2 of the Lair of Beasts.
             The game lasted 00:28:01 (9875 turns).

spaghetti the Grappler (Deep Dwarf Transmuter)      Turns: 9875, Time: 00:28:02

Health: 19/100     AC:  7    Str: 14    XL:     11   Next: 33%
Magic:  6/6        EV: 14    Int: 18    God:    Ru [*.....]
Gold:   402        SH:  0    Dex: 13    Spells: 3/13 levels left

rFire   + . .      SeeInvis .     - Unarmed
rCold   + . .      Faith    .   (no shield)
rNeg    . . .      Spirit   .   y - +0 steam dragon scales
rPois   .          Reflect  .   (helmet currently unavailable)
rElec   .          Harm     .   x - +1 cloak
rCorr   .          Rampage  .   (no gloves)
Will    +....      Rage     1%  (boots currently unavailable)
Stlth   ++++......              (no amulet)
HPRegen 0.00/turn               r - ring of protection from cold
MPRegen 0.10/turn               (no ring)

@: appendages, wereblooded (expiring)
A: horns 2, talons 2, damage resistance, heal wounds, sense surroundings 2,
inability to train armour, no regeneration, berserk 1, fire resistance 1
a: Heal Wounds, End Transformation, Renounce Religion


You were on level 2 of the Lair of Beasts.
You worshipped Ru.
Ru was aware of your devotion.
You had temporarily grown beastly horns and talons.
You visited 3 branches of the dungeon, and saw 11 of its levels.

You collected 582 gold pieces.
You spent 180 gold pieces at shops.


Innate Abilities, Weirdness & Mutations

You have temporarily grown beastly horns and talons.
You are resistant to damage.
You can heal yourself by infusing magical energy.
You passively map the area around you.
You cannot train Armour skill.
You do not regenerate.
You tend to lose your temper in combat.
Your flesh is heat resistant. (rF+)


   Skills:
 - Level 7.0 Fighting
 - Level 6.9 Dodging
 - Level 8.6 Stealth
 - Level 10.7 Unarmed Combat
 - Level 1.7 Spellcasting
 * Level 7.2 Transmutations
 + Level 3.9 Ice Magic
 - Level 2.0 Poison Magic


You had 3 spell levels left.
You knew the following spells:

 Your Spells              Type           Power      Damage    Failure   Level
a - Beastly Appendage     Tmut           54%        N/A       1%          1
b - Wereblood             Tmut           27%        N/A       1%          2
c - Spider Form           Tmut/Pois      18%        N/A       9%          3
d - Ice Form              Ice/Tmut       21%        N/A       19%         4

Your spell library contained the following spells:

 Spells                   Type           Power      Damage    Failure   Level
 Magic Dart               Conj           4%         1d3       19%         1
 Call Imp                 Summ           1%         N/A       28%         2
 Mephitic Cloud           Conj/Pois/Air  3%         N/A       38%         3

Inventory:

Hand Weapons
 f - a +0 whip {mace}
   (You took it off a kobold on level 1 of the Dungeon)
Missiles
 d - 10 javelins {throwing}
 g - 256 stones (quivered) {throwing}
 o - 14 poisoned darts {throwing}
 D - 7 boomerangs {throwing}
Armour
 x - a +1 cloak (worn)
   (You found it on level 5 of the Dungeon)
 y - +0 steam dragon scales (worn)
   (You found it on level 5 of the Dungeon)
Magical Staves
 q - a staff of fire {!astaff}
   (You found it on level 3 of the Dungeon)
Jewellery
 r - a ring of protection from cold (left hand)
   (You found it on level 4 of the Dungeon)
Wands
 n - a wand of polymorph (9)
   (You found it on level 2 of the Dungeon)
 p - a wand of iceblast (20)
   (You took it off Pikel on level 4 of the Dungeon)
 u - a wand of digging (4)
   (You found it on level 4 of the Dungeon)
 z - a wand of flame (10)
   (You found it on level 6 of the Dungeon)
Scrolls
 a - 2 scrolls of immolation {!r!r}
 b - a scroll of teleportation {@r4}
 e - 2 scrolls of identify {@r1}
 h - a scroll of fog
 k - 3 scrolls of noise {!r}
 l - a scroll of vulnerability {!r!r}
 m - a scroll of torment {!r}
 s - a scroll of enchant armour
Potions
 c - 3 potions of resistance
 j - a potion of flight
 v - a potion of haste {@q3}
 w - a potion of attraction {!q}
 A - a potion of magic
 E - a potion of mutation {!q}
Miscellaneous
 i - a phial of floods
   (You found it on level 1 of the Lair of Beasts)

Dungeon Overview and Level Annotations

Branches:
Dungeon (8/15)             Temple (1/1) D:7            Lair (2/6) D:8
  Swamp: Lair:2-4    Shoals: Lair:2-4     Snake: Lair:2-4    Spider: Lair:2-4

Altars:
Ashenzari
Cheibriados
Dithmenos
Elyvilon
Gozag
Hepliaklqana
Kikubaaqudgha
Makhleb
Okawaru
Qazlal
Ru
Trog
Uskayaw
Vehumet
Wu Jian
Xom
Yredelemnul
The Shining One

Shops:
D:5 [

Annotations:
D:6 3 runed translucent doors, Antichthon's ghost, novice NaWr

,, *
#Y.Y..#... *
* , * , ,*
*#..Y...#Y .
,,.P **, ,
,,*
#.###YY.P.##.
... * , **
##*
PY.Y...##...,
,***
*#.Y.....#..,
#.......# *,
,* *##.....#
** , #YP...#
,, * , #.@#,
, *, , , *
##....#* ,,*
, #!...#* *
##...P# * *
##.P#* * ,,
** ### , , *
* , ^* * , *
* , * , , , ,
* , , , ,


You could see 8 yaks.


Message History

You feel much better.
You feel very sick. The yak gores you but does no damage.
The cane toad closely misses you. 😱 HP[+14]
You regained 14 hp, and now have 19/100 hp.
Unknown command.
You feel much better.
You feel sick. The yak gores you!
* * * LOW HITPOINT WARNING * * *
The cane toad closely misses you. 😨 HP[+17]
You regained 17 hp, and now have 36/100 hp.
Unknown command.
Unknown command.
Casting: Beastly Appendage (safe; 1% risk of failure)
Confirm with . or Enter, or press ? or * to list all spells.
Your blood is infused with primal strength.
The cane toad stings you!
* * * LOW HITPOINT WARNING * * *
The yak closely misses you. 😱 HP[-13] MP[-2]
You take 13 damage, and now have 23/100 hp.
You lost 2 mp, and now have 4/7 mp.
Unknown command.
Unknown command.
You punch the yak! You claw the yak, but do no damage.
Your punch misses the yak. The cane toad completely misses you.
The yak gores you.
You punch the yak! You claw the yak. You headbutt the yak.
The cane toad barely misses you. The yak barely misses you.
You punch the yak! You claw the yak.
You feel a bit better.
You kill the yak!
The cane toad stings you!
* * * LOW HITPOINT WARNING * * *
You are more poisoned.
The cane toad poisons you! 😱 HP[-4]
You take 4 damage, and now have 19/100 hp.
Unknown command.
Okay, then.
Your magical essence is drained by the effort!
You feel much better.
You feel extremely sick.
The cane toad stings you but does no damage. 😨 HP[+18]
You regained 18 hp, and now have 37/100 hp.
Unknown command.
You closely miss the cane toad. Your kick misses the cane toad.
You feel very sick.
The cane toad barely misses you. 😨 HP[-3]
You take 3 damage, and now have 34/100 hp.
You hit the cane toad but do no damage. Your kick misses the cane toad.
You howl as the wereblood boils in your veins!
The cane toad stings you!!
* * * LOW HITPOINT WARNING * * *
😱 HP[-17]
You take 17 damage, and now have 17/100 hp.
You hit the cane toad. You headbutt the cane toad.
The cane toad closely misses you. 😱 MP[+1]
You hit the cane toad. Your kick misses the cane toad.
You headbutt the cane toad. The cane toad misses you.
You punch the cane toad!
You redirect the cane toad's attack!
The cane toad stings itself!
You punch the cane toad!
You feel a bit better.
You kill the cane toad!
You howl as the wereblood boils in your veins! 😱 HP[+2]
You regained 2 hp, and now have 19/100 hp.
You howl as the wereblood boils in your veins!
You howl as the wereblood boils in your veins!
You are no longer poisoned.
Done exploring. 😱 MP[+1]
Your mp is fully restored (6).
Done exploring.
Done exploring.
Done exploring.
Done exploring.
Done exploring.
Done exploring.
Done exploring.
Your primal bloodlust is almost over.
There is a stone staircase leading down, spattered with blood here.
Unknown command.
Done exploring.
Done exploring.
Done exploring.
(D) Dungeon (T) Temple (L) Lair
Where to? (Enter - Lair:1 @ (x,y), ? - help)
You climb downwards.
You howl as the wereblood boils in your veins!
The yak bellows!
A yak comes into view.
There is a stone staircase leading up, spattered with blood here.
Unknown command.
Unknown command.
Unknown command.
Are you sure you want to abandon this character and quit the game? (Confirm with "yes".)

Skill      XL: |  1  2  3  4  5  6  7  8  9 10 11 |
---------------+----------------------------------+-----
Transmutations | 2 3 4 5 7 |  7.2
Stealth        | 2 3 4 5 6 7 8 |  8.6
Fighting       | 1 2 3 4 6 7 |  7.0
Unarmed Combat | 10 | 10.7
Poison Magic   | 1 2 |  2.0
Dodging        | 3 5 6 |  6.9
Ice Magic      | 2 3 |  3.9
Spellcasting   | |  1.7

Action                   |  1- 3 |  4- 6 |  7- 9 | 10-12 || total
-------------------------+-------+-------+-------+-------++-------
Melee: Unarmed           |    10 |    80 |   250 |   182 ||   522
       Kick              |    12 |    24 |    31 |    21 ||    88
       Headbutt          |     9 |     9 |    15 |    19 ||    52
       Whip              |    63 |    17 |       |       ||    80
       Punch             |       |     3 |     8 |     6 ||    17
Throw: Stone             |       |    19 |     9 |     1 ||    29
 Cast: Beastly Appendage |    16 |    22 |    20 |    10 ||    68
       Wereblood         |    14 |    24 |    36 |    13 ||    87
       Spider Form       |       |       |    20 |    13 ||    33
Invok: Sacrifice Durabil |       |       |       |     1 ||     1
 Abil: Heal Wounds       |       |     2 |     4 |    24 ||    30
Evoke: Wand              |       |       |    10 |     4 ||    14
  Use: Potion            |       |    11 |     6 |       ||    17
       Scroll            |       |     2 |    13 |     1 ||    16
 Stab: Sleeping          |     1 |     3 |     4 |     3 ||    11
Armor: Robe              |    11 |    10 |     1 |       ||    22
       Steam dragon scal |       |       |    43 |    22 ||    65
       Skin              |       |       |    25 |     2 ||    27
Dodge: Dodged            |    49 |    44 |   174 |   164 ||   431

Levels and vault maps discovered:
D:1:      matt_arrival_los_fun, layout_loops_cross, minmay_tetromino_l2
D:2:      kb_forest_paths, layout_loops_ring, patterned_corridor, uniq_natasha
D:3:      layout_basic, mainiacjoe_overflow_six_doors_small
D:4:      layout_basic, grunt_gozag_breadcrumbs, nicolae_overflow_hidden_temple,
          uniq_grinder, uniq_pikel
D:5:      layout_loops_corners, serial_shops, nicolae_lakefront_shop
D:6:      layout_basic, ebering_ghost_rock_garden, uniq_edmund
D:7:      lemuel_ratsnest, layout_basic, minmay_temple_entry_butterflies
D:8:      layout_gridville, zin_angel, dpeg_lair_monsters
Temple:   regret_index_temple_generic_petals
Lair:1:   layout_cave_pods
Lair:2:   layout_misc_corridors, nicolae_spider_entry_orb_guardian, uniq_amaemon

Notes
Turn   | Place    | Note
-------+----------+-------------------------------------------
     0 | D:1      | spaghetti the Deep Dwarf Transmuter began the quest for the
                  | Orb.
     0 | D:1      | Reached XP level 1. HP: 16/16 MP: 3/3
     0 | D:1      | magus.rc [v1.9.6]
    97 | D:1      | Reached skill level 2 in Transmutations
   107 | D:1      | Reached XP level 2. HP: 22/24 MP: 2/4
   113 | D:1      | Learned a level 2 spell: Wereblood
   295 | D:1      | Reached skill level 1 in Stealth
   596 | D:1      | You fall into a shaft and drop 1 floor!
   949 | D:2      | Reached skill level 1 in Fighting
  1125 | D:2      | Noticed Natasha
  1140 | D:2      | Killed Natasha
  1141 | D:2      | Reached skill level 2 in Stealth
  1141 | D:2      | Reached XP level 3. HP: 25/31 MP: 2/5
  1342 | D:2      | Noticed Natasha
  1356 | D:2      | Killed Natasha
  1357 | D:2      | Reached XP level 4. HP: 14/39 MP: 3/6
  1429 | D:2      | Noticed Natasha
  1440 | D:2      | Killed Natasha
  1441 | D:2      | Reached skill level 3 in Stealth
  1441 | D:2      | Reached skill level 3 in Transmutations
  1568 | D:2      | Reached skill level 2 in Fighting
  1801 | D:3      | Gained mutation: Your magical capacity is low. (-10% MP)
                  | [potion of mutation]
  1804 | D:3      | Identified a potion of experience
  1804 | D:3      | Reached skill level 10 in Unarmed Combat
  1804 | D:3      | Reached XP level 5. HP: 13/45 MP: 4/6
  1938 | D:3      | Found a basalt altar of Yredelemnul.
  2490 | D:3      | Learned a level 3 spell: Spider Form
  2931 | D:4      | Found an opulent altar of Gozag.
  3045 | D:4      | Found a hazy altar of Hepliaklqana.
  3150 | D:4      | Reached XP level 6. HP: 51/52 MP: 3/7
  3236 | D:4      | Noticed Pikel
  3241 | D:4      | Lost mutation: Your magical capacity is low. (-10% MP)
                  | [potion of mutation]
  3241 | D:4      | Gained mutation: You tend to lose your temper in combat.
                  | [potion of mutation]
  3241 | D:4      | Gained mutation: Your flesh is heat resistant. (rF+)
                  | [potion of mutation]
  3244 | D:4      | HP: 8/52 [orc/+0 mace (6)]
  3250 | D:4      | HP: 2/52 [orc/+0 mace (4)]
  3770 | D:4      | Reached skill level 1 in Poison Magic
  3796 | D:4      | Noticed Grinder
  3803 | D:4      | Paralysed by Grinder for 4 turns
  3809 | D:4      | Killed Grinder
  3810 | D:4      | Reached skill level 4 in Stealth
  3810 | D:4      | Reached XP level 7. HP: 19/61 MP: 6/9
  3863 | D:4      | HP: 13/61 [Pikel/+1 whip of flaming (6)]
  3865 | D:4      | Killed Pikel
  3866 | D:4      | Reached skill level 3 in Fighting
  3866 | D:4      | Reached skill level 5 in Stealth
  3866 | D:4      | Reached skill level 4 in Transmutations
  3866 | D:4      | Reached skill level 2 in Poison Magic
  3866 | D:4      | Reached XP level 8. HP: 16/69 MP: 5/10
  4080 | D:5      | Entered Level 5 of the Dungeon
  4814 | D:5      | HP: 13/72 [steam dragon (8)]
  4817 | D:5      | Reached skill level 4 in Fighting
  4817 | D:5      | Reached skill level 6 in Stealth
  5243 | D:5      | Found Avomot's Antique Armour Shop.
  5252 | D:5      | Bought a steaming scale mail for 180 gold pieces
  5252 | D:5      | Identified the +1 scale mail of Wuuchewn {*Slow rElec rF+
                  | Str+3} (You bought it in a shop on level 5 of the Dungeon)
  5363 | D:6      | Reached skill level 3 in Dodging
  5442 | D:6      | Found a runed translucent gate.
  5442 | D:6      | Found a runed translucent gate.
  5443 | D:6      | Found a runed translucent gate.
  5444 | D:6      | Noticed Antichthon's ghost (novice NaWr)
  5585 | D:6      | Gained mutation: You passively map the area around you.
                  | [Deep Dwarf growth]
  5585 | D:6      | Reached XP level 9. HP: 34/79 MP: 7/11
  5591 | D:6      | Learned a level 4 spell: Ice Form
  6053 | D:6      | Noticed Edmund
  6070 | D:6      | Killed Edmund
  6071 | D:6      | Reached skill level 5 in Fighting
  6071 | D:6      | Reached skill level 7 in Stealth
  6162 | D:7      | HP: 1/81 [ogre/+0 giant club (30)]
  6223 | D:7      | Reached skill level 4 in Dodging
  6343 | D:7      | HP: 17/81 [killer bee (6)]
  6348 | D:7      | HP: 14/81 [killer bee (6)]
  6487 | D:7      | HP: 16/81 [centaur/arrow (3)]
  6967 | D:7      | Paralysed by a hornet for 3 turns
  7010 | D:7      | HP: 16/79 [hornet (11)]
  7130 | D:7      | HP: 18/82 [river rat (6)]
  7174 | D:7      | HP: 18/82 [quokka (2)]
  7179 | D:7      | HP: 18/82 [river rat (3)]
  7354 | D:7      | Found a staircase to the Ecumenical Temple.
  7369 | Temple   | Entered the Ecumenical Temple
  7640 | Temple   | Became a worshipper of Ru the Awakened
  7742 | D:7      | You pick up a book of Minor Magic and begin reading...
  7742 | D:7      | You add the spells Magic Dart, Call Imp and Mephitic Cloud
                  | to your library.
  7892 | D:8      | Reached skill level 5 in Dodging
  7964 | D:8      | HP: 20/82 [killer bee (3)]
  8108 | D:8      | Noticed a death yak
  8129 | D:8      | HP: 9/82 [death yak (15)]
  8130 | D:8      | Noticed a death yak
  8130 | D:8      | Noticed a death yak
  8138 | D:8      | Found a staircase to the Lair.
  8228 | D:8      | Reached skill level 6 in Fighting
  8245 | D:8      | HP: 17/82 [poisoned by a killer bee]
  8256 | D:8      | Reached XP level 10. HP: 50/91 MP: 8/12
  8471 | Lair:1   | Entered Level 1 of the Lair of Beasts
  8479 | Lair:1   | Noticed a cane toad
  8485 | Lair:1   | Killed a cane toad
  8486 | Lair:1   | Reached skill level 8 in Stealth
  8492 | Lair:1   | Reached skill level 6 in Dodging
  8620 | Lair:1   | HP: 7/92 [komodo dragon (25)]
  8622 | Lair:1   | HP: 2/92 [komodo dragon (5)]
  8693 | Lair:1   | HP: 23/92 [yak (14)]
  8706 | Lair:1   | HP: 23/92 [yak (2)]
  8714 | Lair:1   | HP: 16/92 [yak (13)]
  8715 | Lair:1   | HP: 4/92 [yak (12)]
  8724 | Lair:1   | Reached skill level 7 in Fighting
  8857 | Lair:1   | Noticed a black mamba
  8928 | Lair:1   | Noticed a cane toad
  8947 | Lair:1   | HP: 19/94 [cane toad (9)]
  8948 | Lair:1   | HP: 4/94 [cane toad (15)]
  8952 | Lair:1   | Killed a cane toad
  8953 | Lair:1   | Reached skill level 1 in Ice Magic
  9064 | Lair:1   | Noticed a cane toad
  9067 | Lair:1   | HP: 22/94 [blink frog (16)]
  9079 | Lair:1   | HP: 9/94 [blink frog (14)]
  9090 | Lair:1   | Reached skill level 5 in Transmutations
  9092 | Lair:1   | HP: 19/94 [cane toad (17)]
  9099 | Lair:1   | Killed a cane toad
  9100 | Lair:1   | Reached skill level 2 in Ice Magic
  9150 | Lair:1   | Reached XP level 11. HP: 32/100 MP: 4/8
  9151 | Lair:1   | HP: 24/100 [yak (8)]
  9157 | Lair:1   | HP: 4/100 [yak (15)]
  9356 | Lair:1   | Gained mutation: You cannot train Armour skill. [Ru
                  | sacrifice]
  9356 | Lair:1   | Reached * piety under Ru
  9398 | Lair:1   | Reached skill level 6 in Transmutations
  9398 | Lair:1   | Reached skill level 3 in Ice Magic
  9459 | Lair:1   | HP: 18/100 [komodo dragon (11)]
  9757 | Lair:1   | Reached skill level 7 in Transmutations
  9845 | Lair:2   | HP: 22/100 [cane toad (7)]
  9846 | Lair:2   | HP: 10/100 [cane toad (12)]
  9852 | Lair:1   | HP: 23/100 [cane toad (13)]
  9858 | Lair:1   | HP: 17/100 [cane toad (17)]
  9875 | Lair:2   | Quit the game

Vanquished Creatures
  Pikel (D:4)
  A black mamba (Lair:1)
  8 cane toads (Lair:1)
  3 komodo dragons (Lair:1)
  A polar bear (Lair:1)
  A hornet (D:7)
  4 blink frogs (Lair:1)
  Grinder (D:4)
  11 yaks (Lair:1)
  A steam dragon (D:5)
  Edmund (D:6)
  3 water moccasins
  An ice beast (D:6)
  2 black bears
  An ogre (D:7)
  4 wolves (Lair:1)
  5 centaurs
  4 phantoms
  A kobold brigand (D:7)
  A scorpion (D:4)
  13 killer bees
  2 hounds (D:4)
  2 jellies (D:6)
  A gnoll shaman (D:7)
  3 orc priests
  3 iguanas
  3 orc wizards
  Natasha (thrice) (D:2)
  4 hell rats
  7 gnolls
  7 adders
  8 river rats
  A shadow imp (D:5)
  A white imp (D:8)
  2 ufetubi
  A worm (D:3)
  2 dart slugs
  18 orcs
  4 endoplasms
  A giant cockroach (D:1)
  7 goblins
  6 hobgoblins
  3 jackals (D:4)
  7 kobolds
  10 quokkas
  2 ball pythons
  2 bats
  5 frilled lizards
  14 rats (D:7)
197 creatures vanquished.

Vanquished Creatures (others)
  2 fungi
2 creatures vanquished.

Grand Total: 199 creatures vanquished

Table legend:
 A = Non-vault XP
 B = Vault XP
 C = Vault XP percentage of total XP
 D = Non-vault monster count
 E = Vault monster count
 F = Vault count percentage of total count
                 A         B        C        D         E       F
            +---------+---------+-------+---------+---------+-------
      Total |   12731 |    1729 |  12.0 |     152 |      45 |  22.8
            +---------+---------+-------+---------+---------+-------
        D:1 |      24 |       0 |   0.0 |      12 |       0 |   0.0
        D:2 |      79 |      45 |  36.3 |       8 |       7 |  46.7
        D:3 |      44 |       0 |   0.0 |       9 |       0 |   0.0
        D:4 |     395 |     922 |  70.0 |      26 |       2 |   7.1
        D:5 |     736 |       0 |   0.0 |      13 |       0 |   0.0
        D:6 |     787 |     162 |  17.1 |      22 |       1 |   4.3
        D:7 |     821 |     539 |  39.6 |      15 |      32 |  68.1
        D:8 |     858 |      61 |   6.6 |      13 |       3 |  18.8
     Lair:1 |    8987 |       0 |   0.0 |      34 |       0 |   0.0
            +---------+---------+-------+---------+---------+-------

Illustrated notes

Table legend:
 A = Kills in this place as a percentage of kills in entire the game.
 B = Kills by you in this place as a percentage of kills by you in the entire game.
 C = Kills by friends in this place as a percentage of kills by friends in the entire game.
 D = Other kills in this place as a percentage of other kills in the entire game.
 E = Experience gained in this place as a percentage of experience gained in the entire game.
 F = Experience gained in this place divided by the number of levels of this place that you have seen.
                   A       B       C       D       E      F
               +-------+-------+-------+-------+-------+----------------------
         Total | 100.0 | 100.0 |   N/A |   N/A | 100.0 | 1314.5
       Dungeon |  82.7 |  82.7 |   N/A |   N/A |  37.8 | 684.1
          Lair |  17.3 |  17.3 |   N/A |   N/A |  62.2 | 4493.5
               +-------+-------+-------+-------+-------+----------------------

Table legend: (Time is in decaauts)
 A = Elapsed time spent in this place.
 B = Non-inter-level travel time spent in this place.
 C = Inter-level travel time spent in this place.
 D = Time resting spent in this place.
 E = Time spent auto-exploring this place.
 F = Levels seen in this place.
 G = Mean time per level.
                   A        B        C        D        E       F      G
               +--------+--------+--------+--------+--------+-----+--------+
         Total |   9799 |   9271 |    528 |    766 |   6943 |  11 |  890.8 |
       Dungeon |   8108 |   7684 |    424 |    676 |   5793 |   8 | 1013.5 |
        Temple |    309 |    249 |     60 |      0 |    240 |   1 |  309.0 |
          Lair |   1381 |   1338 |     43 |     89 |    910 |   2 |  690.5 |
               +--------+--------+--------+--------+--------+-----+--------+

Top non-repeatable levels by time:
     D:7: 1401 daAuts
  Lair:1: 1375 daAuts
     D:3: 1277 daAuts
     D:5: 1186 daAuts
     D:2: 1147 daAuts
     D:4: 1096 daAuts
     D:6: 853 daAuts
     D:1: 597 daAuts
     D:8: 548 daAuts
  Temple: 309 daAuts
  Lair:2: 5 daAuts
